 Dungeon Crawl Stone Soup version 0.30.1-11-g7821555f0a (webtiles) character file.

Game seed: 12633718593003711091

3803 H0rd4k the Basher (level 10, -3/77 HPs)
             Began as a Human Artificer on Dec 14, 2023.
             Was an Initiate of Gozag.
             Slain by an orc knight
             ... wielding a +0 glaive
              (27 damage)
             ... in a bailey.
             The game lasted 00:10:04 (6964 turns).

H0rd4k the Basher (Human Artificer)                 Turns: 6964, Time: 00:10:05

Health: -3/77      AC: 12    Str: 19    XL:     10   Next: 39%
Magic:  0/10       EV: 13    Int: 16    God:    Gozag
Gold:   700        SH:  0    Dex: 13    Spells: 9/9 levels left

rFire   + . .        B - +7 mace (heavy)
rCold   . . .        (no shield)
rNeg    + . .        l - +0 ring mail {rN+}
rPois   .            C - +2 helmet
rElec   .            o - +0 cloak
rCorr   .            b - +1 pair of gloves
SInv    .            M - +0 pair of boots
Will    .....        h - amulet of guardian spirit
Stlth   +            g - ring of protection from fire
HPRegen 0.32/turn    w - +6 ring of strength
MPRegen 0.12/turn

%: guardian spirit
@: gold aura
A: no striking features
a: Renounce Religion, Potion Petition, Call Merchant, Bribe Branch


You were in a bailey.
You worshipped Gozag.
Gozag was pleased with you.
You visited 1 branch of the dungeon, and saw 8 of its levels.
You also visited: Bailey.

You collected 835 gold pieces.
You paid 135 gold pieces to Gozag.

Inventory:

Hand Weapons
 r - a +0 mace
 B - a +7 heavy mace (weapon)
Missiles
 s - 12 poisoned darts (quivered)
 F - a throwing net
Armour
 b - a +1 pair of gloves (worn)
 l - a +0 ring mail of positive energy (worn)
 o - a +0 cloak (worn)
 C - a +2 helmet (worn)
 M - a +0 pair of boots (worn)
Magical Staves
 a - a staff of cold
 D - a staff of death
Jewellery
 g - a ring of protection from fire (left hand)
 h - an amulet of guardian spirit (around neck)
 w - a +6 ring of strength (right hand)
 x - the amulet of Reag {Faith Str+5}
   (You found it on level 3 of the Dungeon)

   [amulet of faith]

   It allows you to gain divine favour quickly.
   Str:       It affects your strength (+5).
 A - a ring of ice
Wands
 c - a wand of paralysis (14)
 e - a wand of iceblast (1)
 H - a wand of polymorph (7)
Scrolls
 f - a scroll of vulnerability
 t - 3 scrolls of blinking
 u - 4 scrolls of fear
 y - a scroll of amnesia
 z - a scroll of noise
 E - a scroll of teleportation
 I - a scroll of immolation
 K - a scroll of magic mapping
 L - a scroll of brand weapon
 N - a scroll of poison
Potions
 i - a potion of curing {unknown}
 j - 4 potions of attraction {unknown}
 k - a potion of might {unknown}
 m - 2 potions of brilliance {unknown}
 n - 2 potions of heal wounds {unknown}
 p - a potion of resistance {unknown}
 q - 4 potions of haste {unknown}
 G - a potion of flight {unknown}
 J - a potion of degeneration {unknown}


   Skills:
 + Level 6.7 Fighting
 + Level 11.0 Maces & Flails
 + Level 1.5 Throwing
 - Level 2.0 Armour
 + Level 5.8 Dodging
 - Level 1.0 Stealth
 - Level 3.0 Evocations


You had 9 spell levels left.
You didn't know any spells.
Your spell library contained the following spells:

 Spells                   Type           Power      Damage    Failure   Level
 Apportation              Tloc           0%         N/A       41%         1
 Magic Dart               Conj           0%         1d3       41%         1
 Necrotise                Necr           0%         1d4       41%         1
 Summon Small Mammal      Summ           0%         N/A       41%         1
 Call Imp                 Summ           0%         N/A       54%         2
 Searing Ray              Conj           0%         2d4       54%         2
 Mephitic Cloud           Conj/Pois/Air  0%         N/A       78%         3
 Fulminant Prism          Conj/Hex       0%         3d5       99%         4


Dungeon Overview and Level Annotations

Branches:
Dungeon (8/15)             Temple (0/1) D:5          Bailey (1/1)
   Lair: D:8-11

Altars:
Elyvilon
Fedhas
Gozag
Kikubaaqudgha
Xom
Zin

Shops:
D:5 (   D:8 [

Annotations:
D:4 exclusion: downstairs


Message History

Gozag says: Greed is good.
Press ? for a list of commands and other information.
The orc knight roars a battlecry!
Aiming: Paralyse
Press: ? - help, Shift-Dir - straight line, f - orc knight
Aim: an orc knight, wielding a +0 trident and wearing a +0 chain mail (heavily wounded, chance to affect: 38%)
The orc knight resists with some effort.
Unknown command.
The orc knight roars a battlecry!
The orc knight goes into a battle-frenzy!
Aiming: Charm
Press: ? - help, Shift-Dir - straight line, f/p - orc knight
Aim: an orc knight, wielding a +0 trident and wearing a +0 chain mail (heavily wounded, strong, chance to affect: 38%)
The orc knight is charmed.
The now-empty wand crumbles to dust.
Unknown command.
What are your orders? t - Shout!
Orders for allies: a - Attack new target. p - Attack previous target. r - Retreat! s - Stop attacking. g - Guard the area. f - Follow me.
Anything else - Cancel.
Guard this area!
Your orc knight hits the orc knight but does no damage.
Your orc knight hits the orc knight with a +0 trident!
The orc knight hits your orc knight with a +0 glaive!!
Your orc knight barely misses the orc knight.
The orc knight hits your orc knight with a +0 glaive!
Your orc knight dies!
Your Maces & Flails skill increases to level 11!
The orc knight hits you from afar with a +0 glaive!
The orc knight hits you with a +0 glaive!!
You thump the orc knight!
The orc knight is heavily wounded.
The orc knight hits you with a +0 glaive!!
* * * LOW HITPOINT WARNING * * *
You hit the orc knight.
The orc knight is heavily wounded.
The orc knight hits you with a +0 glaive!!
You die...
Your body crumbles into a pile of gold.

.................≈≈≈≈≈......#
≈...............≈≈###≈≈.....#
≈...............≈##.##≈.....#
)....................#≈.....#
≈...............≈#∩[##≈.....#
≈....#######....≈##.#≈≈.....#
≈...##....##....≈≈≈.≈≈......#
...##.....##....$...........#
..##..#o''##...o@...........#
..#..##ooo##..##............#
.##.####'####.##............#
.##.'[#...#.'.##............#
.##.###._.###.##............#
.##.'[#".?#['.##............#
.##.#########o##............#
..#..##[#[##o.#.............#
..##..#'#'#..##.....).......#


You could see an orc knight (strong).

Vanquished Creatures
  Joseph (D:7)
  A yak (D:8)
  Menkaure (D:7)
  2 water moccasins
  9 orc warriors
  2 ice beasts
  A black bear (D:6)
  3 ogres
  2 phantoms
  A bullfrog (D:7)
  3 scorpions
  4 killer bees (D:8)
  An orc priest (D:6)
  3 sleepcaps
  Ijyb (D:5)
  An iguana (D:6)
  7 orc wizards
  6 gnolls (D:4)
  5 adders
  A shadow imp (D:7)
  A white imp (D:6)
  An ufetubus (D:5)
  A worm (D:2)
  A dart slug (D:2)
  33 orcs
  10 ball pythons
  3 bats
  9 endoplasms
  2 giant cockroaches
  4 goblins
  7 hobgoblins
  8 jackals (D:1)
  3 quokkas
  4 frilled lizards
  4 kobolds
  9 rats
155 creatures vanquished.

Vanquished Creatures (collateral kills)
  A yak (D:8)
  A steam dragon (D:8)
  An orc wizard (D:8)
  An endoplasm (D:1)
  3 goblins (D:8)
7 creatures vanquished.

Vanquished Creatures (others)
  An orc knight (Bailey)
  An orc warrior (Bailey)
  An orc priest (D:8)
  A gnoll (D:4)
  A jackal (D:1)
5 creatures vanquished.

Grand Total: 167 creatures vanquished

Notes
Turn   | Place    | Note
-------+----------+-------------------------------------------
     0 | D:1      | H0rd4k the Human Artificer began the quest for the Orb.
     0 | D:1      | Reached XP level 1. HP: 15/15 MP: 1/1
   131 | D:1      | Reached XP level 2. HP: 4/21 MP: 0/2
   351 | D:1      | Reached skill level 1 in Maces & Flails
   352 | D:1      | Reached XP level 3. HP: 9/27 MP: 3/3
  1036 | D:2      | Reached XP level 4. HP: 10/33 MP: 0/4
  1153 | D:2      | Reached skill level 2 in Maces & Flails
  1927 | D:3      | Reached XP level 5. HP: 39/39 MP: 5/5
  1941 | D:3      | Identified the amulet of Reag {Faith Str+5}
  2000 | D:3      | Found a faded altar of an unknown god.
  2003 | D:3      | Identified the +1 dagger "Roriowk" {freeze, +Blink MP+9
                  | Int-3 Dex+9}
  2116 | D:3      | Found a shimmering altar of Xom.
  2585 | D:4      | Reached skill level 3 in Maces & Flails
  2697 | D:4      | Noticed an ogre
  2702 | D:4      | Killed an ogre
  2703 | D:4      | Reached skill level 4 in Maces & Flails
  2703 | D:4      | Reached XP level 6. HP: 46/46 MP: 6/6
  2973 | D:4      | Reached XP level 7. HP: 19/52 MP: 1/7
  3288 | D:4      | Found a white marble altar of Elyvilon.
  3476 | D:5      | Entered Level 5 of the Dungeon
  3480 | D:5      | Noticed Ijyb
  3483 | D:5      | Reached skill level 5 in Maces & Flails
  3483 | D:5      | Paralysed by something for 2 turns
  3544 | D:5      | Killed Ijyb
  3694 | D:5      | Found Yqoobieq's Weapon Shop.
  3948 | D:5      | Found a staircase to the Ecumenical Temple.
  4002 | D:5      | Reached skill level 6 in Maces & Flails
  4202 | D:6      | Reached XP level 8. HP: 60/60 MP: 8/8
  4442 | D:6      | Found an ancient bone altar of Kikubaaqudgha.
  4453 | D:6      | Found a glowing silver altar of Zin.
  4485 | D:6      | Reached skill level 7 in Maces & Flails
  4584 | D:6      | Found a blossoming altar of Fedhas.
  4587 | D:6      | Found an opulent altar of Gozag.
  4715 | D:6      | Became a worshipper of Gozag Ym Sagoz the Greedy
  5179 | D:7      | Reached skill level 1 in Throwing
  5256 | D:7      | Noticed Menkaure
  5265 | D:7      | Killed Menkaure
  5354 | D:7      | Reached skill level 5 in Fighting
  5354 | D:7      | Reached skill level 8 in Maces & Flails
  5354 | D:7      | Reached XP level 9. HP: 55/68 MP: 6/9
  5506 | D:7      | Noticed Joseph
  5511 | D:7      | Killed Joseph
  5512 | D:7      | Reached skill level 9 in Maces & Flails
  6057 | D:8      | Reached skill level 10 in Maces & Flails
  6071 | D:8      | Found Athyuhid's Antique Armour Boutique.
  6074 | D:8      | Found a flagged portal.
  6083 | D:8      | Reached skill level 5 in Dodging
  6083 | D:8      | Reached XP level 10. HP: 39/76 MP: 7/10
  6088 | Bailey   | Entered a bailey
  6919 | Bailey   | Noticed an orc knight
  6919 | Bailey   | Noticed an orc knight
  6919 | Bailey   | Noticed an orc knight
  6961 | Bailey   | Reached skill level 11 in Maces & Flails
  6964 | Bailey   | Slain by an orc knight

Illustrated notes

Levels and vault maps discovered:
D:1:      lemuel_arrival_cross, layout_rooms
D:2:      layout_loops_cross
D:3:      layout_loops_ring, lemuel_coloured_pillars_altar,
          basic_ecumenical_altar, grunt_decor_one_mirror,
          minmay_tree_intersection
D:4:      nicolae_cairo_tiling_large_dashed, layout_loops_cross,
          mainiacjoe_overflow_24_doors
D:5:      layout_cave_pools, minmay_temple_entry_from_below_a, serial_shops,
          shop, uniq_ijyb
D:6:      layout_loops_ring, gammafunk_temple_overflow_forgotten, zin_statuary
D:7:      layout_basic, minmay_misc_feat_tiny, uniq_joseph, uniq_menkaure
D:8:      lemuel_bear_cage, layout_basic, nicolae_uskayaw_en_pointe,
          enter_bailey_3, serial_shops, nicolae_shop_pleasant_corner_grove
Bailey:   bailey_polearm_2, bailey

Skill      XL: |  1  2  3  4  5  6  7  8  9 10 |
---------------+-------------------------------+-----
Maces & Flails | 1 2 4 6 8 10 11 | 11.0
Dodging        | 2 3 4 5 |  5.8
Fighting       | 2 3 5 6 |  6.7
Throwing       | 1 |  1.5
Armour         | |  2.0
Stealth        | |  1.0
Evocations     | |  3.0

Action                     |  1- 3 |  4- 6 |  7- 9 | 10-12 || total
---------------------------+-------+-------+-------+-------++-------
  Melee: Club              |   147 |    34 |       |       ||   181
         Punch             |     3 |     2 |     1 |     1 ||     7
         Mace              |       |   146 |   137 |    61 ||   344
  Throw: Dart              |       |       |     5 |       ||     5
  Evoke: Wand              |    10 |     9 |    16 |     4 ||    39
    Use: Scroll            |       |       |     5 |    11 ||    16
   Stab: Paralysed         |       |       |     4 |       ||     4
         Distracted        |       |       |       |     2 ||     2
 Armour: Leather armour    |    20 |       |       |       ||    20
         Ring mail         |    56 |   100 |    73 |    24 ||   253
  Dodge: Dodged            |   111 |   121 |   105 |    74 ||   411
